Royaux vs Sewer Rats
Created - December 31, 2020 at 20:38
Goals
|
| Royaux |
2 |
0 |
2 |
4 |
| Sewer Rats |
2 |
0 |
0 |
2 |
|
Shots
|
| Royaux |
15 |
5 |
9 |
29 |
| Sewer Rats |
26 |
4 |
3 |
33 |
|
1st period
1. Royaux , Tye McGinn 18 (Dylan Larkin 24) at 1:02 (PP)
2. Sewer Rats , Daniel Carr 20 (Vincent Trocheck 23, Joel Edmundson 8) at 6:32
3. Sewer Rats , Anthony Duclair 8 (Dmitrij Jaskin 13, John Ramage 7) at 6:48
4. Royaux , Riley Armstrong 2 (Kasperi Kapanen 15, Brandon Pirri 13) at 18:02
Penalties :
Joel Edmundson (Tol) for Hooking (Minor) at 0:51, Riley Armstrong (Cap) for Hooking (Minor) at 4:03
2nd period
No Goal
Penalties :
Jonathan Marchessault (Tol) for Slashing (Minor) at 1:36, Ryan Murphy (Tol) for Hooking (Minor) at 12:37, Dylan Larkin (Cap) for Interference (Minor) at 17:59
3rd period
5. Royaux , Marcus Pettersson 3 (Jordie Benn 11) at 2:39
6. Royaux , Ben Hanowski 11 (Jordie Benn 12, Dylan Larkin 25) at 11:31
Penalties :
Riley Armstrong (Cap) for Goalie Interference (Minor) at 6:23, Danny Kristo (Cap) for Hooking (Minor) at 11:59
Goalie Stats
Olivier Roy (Cap), 31 saves from 33 shots - (0.939), W, 7-4-1, 60:00 minutes
Darcy Kuemper (Tol), 25 saves from 29 shots - (0.862), L, 4-4-1, 60:00 minutes
Players Stats for Royaux
Player Name G A P +/- PIM S H SB GA TA FO MP PP MP PK MP
------------------------------------------------------------------------------------
Ben Hanowski 1 0 1 1 0 4 5 0 0 0 0/1 18:28 2:00 1:53
Brandon Pirri 0 1 1 0 0 1 0 1 1 0 1/1 15:37 1:15 0:24
Brendan Woods 0 0 0 -1 0 1 0 2 0 0 5/7 15:26 0:00 5:15
Danny Kristo 0 0 0 0 2 2 1 0 1 0 0/1 12:36 0:54 0:00
Dylan Larkin 0 2 2 1 2 2 2 1 0 1 3/16 16:40 2:00 0:00
Garrett Wilson 0 0 0 1 0 1 0 1 1 0 0/1 7:17 0:00 0:00
Ian McCoshen 0 0 0 -1 0 1 0 4 0 1 0/0 16:17 0:00 4:19
Jordie Benn 0 2 2 1 0 1 1 3 0 0 0/0 22:47 2:46 3:37
Kasperi Kapanen 0 1 1 0 0 0 1 0 0 1 2/5 18:24 1:15 2:26
Marcus Pettersson 1 0 1 1 0 2 2 1 1 0 0/0 22:30 2:46 0:00
Mathieu Joseph 0 0 0 1 0 0 1 0 1 0 0/0 9:41 0:54 0:00
Phil Oreskovic 0 0 0 -1 0 1 1 2 0 0 0/0 21:00 1:23 4:19
Riley Armstrong 1 0 1 -1 4 4 0 0 1 1 12/24 18:13 1:15 2:07
Simon Despres 0 0 0 1 0 1 0 2 0 0 0/0 19:50 0:00 3:37
Sonny Milano 0 0 0 0 0 2 0 0 0 0 0/0 11:36 0:54 0:00
Travis Sanheim 0 0 0 1 0 2 1 0 0 0 0/0 17:36 1:23 0:00
Tye McGinn 1 0 1 1 0 3 0 0 0 0 0/1 18:22 2:00 1:53
Vladislav Namestnikov 0 0 0 0 0 1 1 1 0 0 4/5 9:40 0:00 1:54
Players Stats for Sewer Rats
Player Name G A P +/- PIM S H SB GA TA FO MP PP MP PK MP
------------------------------------------------------------------------------------
Anthony Duclair 1 0 1 1 0 4 0 1 1 0 0/0 11:18 0:00 0:00
Connor Carrick 0 0 0 0 0 0 3 0 0 0 0/0 10:57 0:00 0:00
Daniel Carr 1 0 1 -1 0 4 3 1 0 0 0/0 21:05 4:32 1:17
Dmitrij Jaskin 0 1 1 1 0 4 3 0 0 0 1/1 11:40 0:00 0:00
Drake Caggiula 0 0 0 1 0 1 3 1 0 1 5/7 12:52 0:00 1:14
Erik Condra 0 0 0 -1 0 2 1 1 0 1 0/0 16:35 3:24 0:00
Jared McCann 0 0 0 0 0 0 1 0 0 0 1/3 6:38 0:00 0:00
Jarred Tinordi 0 0 0 -1 0 1 0 1 0 0 0/0 17:47 0:00 2:36
Joel Edmundson 0 1 1 0 2 3 0 3 0 1 0/0 23:52 4:54 2:25
John Ramage 0 1 1 -1 0 0 2 1 0 0 0/0 18:24 3:02 1:33
Jonathan Marchessault 0 0 0 -1 2 2 0 0 0 0 6/12 17:57 3:24 1:03
Jonathan Racine 0 0 0 0 0 0 0 1 0 0 0/0 6:35 0:00 0:00
Joseph Blandisi 0 0 0 -1 0 1 1 1 0 1 1/2 17:07 3:24 0:32
Mark Mancari 0 0 0 -1 0 4 0 1 1 0 0/0 20:42 4:25 0:24
Nick Cousins 0 0 0 0 0 1 1 0 0 0 1/1 10:06 0:00 1:59
Ryan Murphy 0 0 0 -1 2 1 0 1 1 2 0/0 18:54 3:02 0:51
Thomas Chabot 0 0 0 1 0 0 2 2 0 0 0/0 18:07 4:54 0:53
Vincent Trocheck 0 1 1 -1 0 5 0 1 1 0 20/36 21:17 4:32 1:49
Xavier Ouellet 0 0 0 0 0 0 0 0 0 0 0/0 6:35 0:00 0:00
Zach Aston-Reese 0 0 0 0 0 0 0 0 0 0 0/0 7:20 0:07 0:00
3 Stars
1 - Ben Hanowski (Cap)
2 - Marcus Pettersson (Cap)
3 - Jordie Benn (Cap)
Power Play
Royaux - 1 on 3 Attempt(s) - 33.33%
Sewer Rats - 0 on 4 Attempt(s) - 0.00%
Penalty Kill
Royaux - 4 on 4 Attempt(s) - 100.00%
- Score 0 goal in Penalty Kill
Sewer Rats - 2 on 3 Attempt(s) - 66.67%
- Score 0 goal in Penalty Kill
Team Stat
Royaux - Hits : 16 - Faceoff Wins : 27 - Blocked Shots : 18 - Penalty Minutes : 8
Sewer Rats - Hits : 20 - Faceoff Wins : 35 - Blocked Shots : 16 - Penalty Minutes : 6
Official
Referees : Unknown
Linesman : Unknown
Game Notes
No Game Note
Finance
Level 1 -- Attendance: 1683 (84.15%) -- Ticket Income $58,905
Level 2 -- Attendance: 845 (84.50%) -- Ticket Income $14,365
Total Attendance: 2528 (84.27%)
Total Ticket Income: $73,270
Other Income: $3,664
Total Income: $76,934
Royaux
5 vs 5 Forward
Center Left Wing Right Wing Time % Phy DF OF
1 Dylan Larkin Tye McGinn Ben Hanowski 35 0 2 3
2 Riley Armstrong Brandon Pirri Kasperi Kapanen 35 0 2 3
3 Brendan Woods Sonny Milano Danny Kristo 20 0 2 3
4 Vladislav Namestnikov Garrett Wilson Mathieu Joseph 10 0 3 2
5 vs 5 Defense
Defense Defense Time % Phy DF OF
1 Travis Sanheim Simon Despres 35 0 3 2
2 Jordie Benn Marcus Pettersson 35 0 3 2
3 Ian McCoshen Phil Oreskovic 15 0 3 2
4 Marcus Pettersson Phil Oreskovic 15 0 3 2
PowerPlay Forward
Center Left Wing Right Wing Time % Phy DF OF
1 Dylan Larkin Tye McGinn Ben Hanowski 60 0 1 4
2 Riley Armstrong Brandon Pirri Kasperi Kapanen 40 0 1 4
PowerPlay Defense
Defense Defense Time % Phy DF OF
1 Jordie Benn Marcus Pettersson 60 0 2 3
2 Phil Oreskovic Travis Sanheim 40 0 2 3
Penalty Kill 4 Players Forward
Center Wing Time % Phy DF OF
1 Riley Armstrong Brendan Woods 60 0 4 1
2 Ben Hanowski Tye McGinn 40 0 4 1
Penalty Kill 4 Players Defense
Defense Defense Time % Phy DF OF
1 Jordie Benn Simon Despres 60 1 2 2
2 Phil Oreskovic Ian McCoshen 40 1 2 2
Penalty Kill - 3 Players Forward
Forward Time % Phy DF OF
1 Brendan Woods 60 0 4 1
2 Danny Kristo 40 0 4 1
Penalty Kill - 3 Players Defense
Defense Defense Time % Phy DF OF
1 Jordie Benn Simon Despres 60 1 2 2
2 Phil Oreskovic Ian McCoshen 40 1 2 2
4 vs 4 Forward
Center Wing Time % Phy DF OF
1 Dylan Larkin Tye McGinn 60 0 2 3
2 Ben Hanowski Kasperi Kapanen 40 0 2 3
4 vs 4 Defense
Defense Defense Time % Phy DF OF
1 Travis Sanheim Simon Despres 60 0 3 2
2 Marcus Pettersson Jordie Benn 40 0 3 2
Last Minutes Offensive
Center Left Wing Right Wing Defense Defense
Dylan Larkin Tye McGinn Ben Hanowski Marcus Pettersson Travis Sanheim
Last Minutes Defensive
Center Left Wing Right Wing Defense Defense
Riley Armstrong Brendan Woods Tye McGinn Phil Oreskovic Simon Despres
Goaltenders
Starting : Olivier Roy
Backup : Igor Shesterkin
Extra Forwards
Normal : Dylan Larkin, Kasperi Kapanen, Danny Kristo - PP : Sonny Milano, Danny Kristo - PK : Kasperi Kapanen
Extra Defensemen
Normal : Travis Sanheim, Marcus Pettersson, Phil Oreskovic - PP : Simon Despres - PK : Marcus Pettersson, Travis Sanheim
Penalty Shots
Dylan Larkin, Brandon Pirri, Danny Kristo, Sonny Milano, Ben Hanowski
Scratches
Troy Terry (Healthy), Tanner Kero (Healthy), Greg McKegg (Healthy), Nikita Pavlychev (Healthy), Konrad Abeltshauser (Healthy)
Dylan DeMelo (Healthy), Tomas Hyka (Healthy), Ryan Pulock (Torso Injury), Rourke Chartier (Right Leg Injury), Michael Bunting (Healthy)
Ryan Mantha (Healthy), Jack Ramsey (Healthy), Marcus Hogberg (Healthy)
Sewer Rats
5 vs 5 Forward
Center Left Wing Right Wing Time % Phy DF OF
1 Vincent Trocheck Daniel Carr Mark Mancari 40 1 2 2
2 Jonathan Marchessault Joseph Blandisi Erik Condra 30 1 2 2
3 Drake Caggiula Anthony Duclair Dmitrij Jaskin 20 1 2 2
4 Jared McCann Zach Aston-Reese Nick Cousins 10 1 2 2
5 vs 5 Defense
Defense Defense Time % Phy DF OF
1 Jarred Tinordi Joel Edmundson 35 1 2 2
2 John Ramage Ryan Murphy 30 1 2 2
3 Connor Carrick Thomas Chabot 25 1 2 2
4 Xavier Ouellet Jonathan Racine 10 1 2 2
PowerPlay Forward
Center Left Wing Right Wing Time % Phy DF OF
1 Vincent Trocheck Daniel Carr Mark Mancari 60 1 2 2
2 Jonathan Marchessault Joseph Blandisi Erik Condra 40 1 2 2
PowerPlay Defense
Defense Defense Time % Phy DF OF
1 Thomas Chabot Joel Edmundson 60 1 2 2
2 John Ramage Ryan Murphy 40 1 2 2
Penalty Kill 4 Players Forward
Center Wing Time % Phy DF OF
1 Vincent Trocheck Jonathan Marchessault 60 1 2 2
2 Mark Mancari Daniel Carr 40 1 2 2
Penalty Kill 4 Players Defense
Defense Defense Time % Phy DF OF
1 Jarred Tinordi Joel Edmundson 60 1 2 2
2 John Ramage Ryan Murphy 40 1 2 2
Penalty Kill - 3 Players Forward
Forward Time % Phy DF OF
1 Vincent Trocheck 60 1 2 2
2 Jonathan Marchessault 40 1 2 2
Penalty Kill - 3 Players Defense
Defense Defense Time % Phy DF OF
1 Jarred Tinordi Joel Edmundson 60 1 2 2
2 John Ramage Ryan Murphy 40 1 2 2
4 vs 4 Forward
Center Wing Time % Phy DF OF
1 Vincent Trocheck Jonathan Marchessault 60 1 2 2
2 Mark Mancari Daniel Carr 40 1 2 2
4 vs 4 Defense
Defense Defense Time % Phy DF OF
1 Jarred Tinordi Joel Edmundson 60 1 2 2
2 John Ramage Ryan Murphy 40 1 2 2
Last Minutes Offensive
Center Left Wing Right Wing Defense Defense
Vincent Trocheck Daniel Carr Mark Mancari Jarred Tinordi Joel Edmundson
Last Minutes Defensive
Center Left Wing Right Wing Defense Defense
Vincent Trocheck Daniel Carr Mark Mancari Jarred Tinordi Joel Edmundson
Goaltenders
Starting : Darcy Kuemper
Backup : Marek Mazanek
Extra Forwards
Normal : Zach Aston-Reese, Dmitrij Jaskin, Nick Cousins - PP : Zach Aston-Reese, Dmitrij Jaskin - PK : Nick Cousins
Extra Defensemen
Normal : Connor Carrick, Thomas Chabot, Xavier Ouellet - PP : Connor Carrick - PK : Thomas Chabot, Xavier Ouellet
Penalty Shots
Vincent Trocheck, Jonathan Marchessault, Mark Mancari, Daniel Carr, Erik Condra
Scratches
Dominik Kubalik (Healthy), Josh Archibald (Healthy), Tyler Motte (Healthy), Chris Calhan (Healthy), Mark Friedman (Healthy)
Michael Dal Colle (Healthy), Matteson Iacopelli (Healthy), Adin Hill (Healthy), Antoine Bibeau (Healthy)
% Time on Ice - Royaux
Lines # - Real PCT - Wanted PCT - Time Play
Normal Forward
1 - 35% - 35% - 16:44
2 - 30% - 35% - 14:25
3 - 20% - 20% - 9:29
4 - 15% - 10% - 7:17
Normal Defense
1 - 37% - 35% - 17:45
2 - 34% - 35% - 16:15
3 - 22% - 15% - 10:35
4 - 7% - 15% - 3:20
PP Forward
1 - 70% - 60% - 2:54
2 - 30% - 40% - 1:15
PP Defense
1 - 67% - 60% - 2:46
2 - 33% - 40% - 1:23
PK Forward
1 - 76% - 60% - 6:03
2 - 24% - 40% - 1:53
PK Defense
1 - 46% - 60% - 3:37
2 - 54% - 40% - 4:19
PK3 Forward
1 - 0% - 60%
2 - 0% - 40%
PK3 Defense
1 - 0% - 60%
2 - 0% - 40%
44 Forward
1 - 0% - 60%
2 - 0% - 40%
44 Defense
1 - 0% - 60%
2 - 0% - 40%
Last Minute Offensive - 0:00
Last Minute Defensive - 0:00
Total
Forward - 60:00
Defense - 60:00
|
% Time on Ice - Sewer Rats
Lines # - Real PCT - Wanted PCT - Time Play
Normal Forward
1 - 33% - 40% - 15:35
2 - 30% - 30% - 14:24
3 - 24% - 20% - 11:18
4 - 14% - 10% - 6:38
Normal Defense
1 - 35% - 35% - 16:34
2 - 29% - 30% - 13:49
3 - 23% - 25% - 10:57
4 - 14% - 10% - 6:35
PP Forward
1 - 57% - 60% - 4:32
2 - 43% - 40% - 3:24
PP Defense
1 - 62% - 60% - 4:54
2 - 38% - 40% - 3:02
PK Forward
1 - 90% - 60% - 3:45
2 - 10% - 40% - 0:24
PK Defense
1 - 63% - 60% - 2:36
2 - 37% - 40% - 1:33
PK3 Forward
1 - 0% - 60%
2 - 0% - 40%
PK3 Defense
1 - 0% - 60%
2 - 0% - 40%
44 Forward
1 - 0% - 60%
2 - 0% - 40%
44 Defense
1 - 0% - 60%
2 - 0% - 40%
Last Minute Offensive - 0:00
Last Minute Defensive - 0:00
Total
Forward - 60:00
Defense - 60:00
|
Play-by-Play
1st period
0:01 of 1st period - Vincent Trocheck wins face-off versus Dylan Larkin in neutral zone.
0:04 of 1st period - Slapshot by Daniel Carr.
0:04 of 1st period - Shot Blocked by Dylan Larkin.
0:06 of 1st period - Slapshot by Daniel Carr.
0:06 of 1st period - Stopped by Olivier Roy without a rebound.
0:07 of 1st period - Vincent Trocheck wins face-off versus Dylan Larkin in Royaux zone.
0:10 of 1st period - Wrist shot by Mark Mancari.
0:10 of 1st period - Stopped by Olivier Roy without a rebound.
0:11 of 1st period - Jonathan Marchessault wins face-off versus Riley Armstrong in Royaux zone.
0:38 of 1st period - Off-side.
0:39 of 1st period - Drake Caggiula wins face-off versus Brendan Woods in neutral zone.
0:48 of 1st period - Snap shot by Danny Kristo.
0:48 of 1st period - Stopped by Darcy Kuemper without a rebound.
0:49 of 1st period - Vincent Trocheck wins face-off versus Dylan Larkin in Sewer Rats zone.
0:51 of 1st period - Minor Penalty to Joel Edmundson for Hooking.
0:52 of 1st period - Vincent Trocheck wins face-off versus Ben Hanowski in Sewer Rats zone.
1:00 of 1st period - Slapshot by Dylan Larkin.
1:00 of 1st period - Shot Blocked by Vincent Trocheck.
1:02 of 1st period - Snap shot by Tye McGinn.
1:02 of 1st period - Goal by Tye McGinn - Royaux : 1 - Sewer Rats : 0.
1:03 of 1st period - Vincent Trocheck wins face-off versus Tye McGinn in neutral zone.
1:06 of 1st period - Snap shot by Daniel Carr.
1:06 of 1st period - Stopped by Olivier Roy without a rebound.
1:07 of 1st period - Vincent Trocheck wins face-off versus Dylan Larkin in Royaux zone.
1:12 of 1st period - Wrist shot by Daniel Carr.
1:12 of 1st period - Shot Misses the Net.
1:14 of 1st period - Snap shot by Jarred Tinordi.
1:14 of 1st period - Stopped by Olivier Roy without a rebound.
1:15 of 1st period - Jared McCann wins face-off versus Vladislav Namestnikov in Royaux zone.
1:20 of 1st period - Snap shot by Nick Cousins.
1:20 of 1st period - Shot Misses the Net.
1:40 of 1st period - Brandon Pirri is hit by Thomas Chabot and loses puck.
2:04 of 1st period - Icing by Joseph Blandisi.
2:05 of 1st period - Jonathan Marchessault wins face-off versus Dylan Larkin in Sewer Rats zone.
3:14 of 1st period - Xavier Ouellet is hit by Travis Sanheim and loses puck.
3:21 of 1st period - Snap shot by Dylan Larkin.
3:21 of 1st period - Shot Misses the Net.
3:23 of 1st period - Slapshot by Simon Despres.
3:23 of 1st period - Stopped by Darcy Kuemper with a rebound.
3:33 of 1st period - Wrist shot by Tye McGinn.
3:33 of 1st period - Shot Blocked by Erik Condra.
3:41 of 1st period - Snap shot by Dylan Larkin.
3:41 of 1st period - Stopped by Darcy Kuemper with a rebound.
3:43 of 1st period - Slapshot by Dylan Larkin.
3:43 of 1st period - Shot Blocked by Jonathan Racine.
3:45 of 1st period - Snap shot by Dylan Larkin.
3:45 of 1st period - Stopped by Darcy Kuemper without a rebound.
3:46 of 1st period - Vincent Trocheck wins face-off versus Riley Armstrong in Sewer Rats zone.
4:01 of 1st period - Slapshot by Daniel Carr.
4:01 of 1st period - Shot Misses the Net.
4:03 of 1st period - Minor Penalty to Riley Armstrong for Hooking.
4:04 of 1st period - Vincent Trocheck wins face-off versus Kasperi Kapanen in Royaux zone.
4:05 of 1st period - Slapshot by Mark Mancari.
4:05 of 1st period - Shot Misses the Net.
4:07 of 1st period - Snap shot by Vincent Trocheck.
4:07 of 1st period - Deflect By Brendan Woods.
4:07 of 1st period - Shot Misses the Net.
4:07 of 1st period - Puck is out of play.
4:08 of 1st period - Kasperi Kapanen wins face-off versus Vincent Trocheck in Royaux zone.
5:28 of 1st period - Snap shot by Vladislav Namestnikov.
5:28 of 1st period - Shot Misses the Net.
5:36 of 1st period - Wrist shot by Daniel Carr.
5:36 of 1st period - Shot Blocked by Phil Oreskovic.
5:38 of 1st period - Wrist shot by Daniel Carr.
5:38 of 1st period - Shot Misses the Net.
5:40 of 1st period - Snap shot by Daniel Carr.
5:40 of 1st period - Shot Misses the Net.
5:42 of 1st period - Snap shot by Thomas Chabot.
5:42 of 1st period - Shot Blocked by Ian McCoshen.
5:44 of 1st period - Snap shot by Vincent Trocheck.
5:44 of 1st period - Stopped by Olivier Roy with a rebound.
5:58 of 1st period - Snap shot by Vincent Trocheck.
5:58 of 1st period - Shot Blocked by Ian McCoshen.
6:00 of 1st period - Slapshot by Joel Edmundson.
6:00 of 1st period - Deflect By Brendan Woods.
6:00 of 1st period - Stopped by Olivier Roy with a rebound.
6:02 of 1st period - Slapshot by Joel Edmundson.
6:02 of 1st period - Deflect By Ian McCoshen.
6:02 of 1st period - Stopped by Olivier Roy with a rebound.
6:03 of 1st period - Penalty to Riley Armstrong is over, Riley Armstrong is back on ice.
6:04 of 1st period - Snap shot by Joel Edmundson.
6:04 of 1st period - Stopped by Olivier Roy with a rebound.
6:06 of 1st period - Backhand shot by Joel Edmundson.
6:06 of 1st period - Shot Blocked by Brendan Woods.
6:08 of 1st period - Wrist shot by Vincent Trocheck.
6:08 of 1st period - Stopped by Olivier Roy with a rebound.
6:26 of 1st period - Wrist shot by Mark Mancari.
6:26 of 1st period - Stopped by Olivier Roy with a rebound.
6:32 of 1st period - Slapshot by Daniel Carr.
6:32 of 1st period - Goal by Daniel Carr - Royaux : 1 - Sewer Rats : 1.
6:33 of 1st period - Drake Caggiula wins face-off versus Riley Armstrong in neutral zone.
6:36 of 1st period - Snap shot by Dmitrij Jaskin.
6:36 of 1st period - Stopped by Olivier Roy with a rebound.
6:48 of 1st period - Slapshot by Anthony Duclair.
6:48 of 1st period - Goal by Anthony Duclair - Royaux : 1 - Sewer Rats : 2.
6:49 of 1st period - Riley Armstrong wins face-off versus Drake Caggiula in neutral zone.
7:39 of 1st period - Backhand shot by Jonathan Marchessault.
7:39 of 1st period - Stopped by Olivier Roy with a rebound.
8:38 of 1st period - Wrist shot by Jonathan Marchessault.
8:38 of 1st period - Stopped by Olivier Roy with a rebound.
8:40 of 1st period - Slapshot by Dmitrij Jaskin.
8:40 of 1st period - Stopped by Olivier Roy with a rebound.
8:42 of 1st period - Snap shot by Dmitrij Jaskin.
8:42 of 1st period - Shot Blocked by Ian McCoshen.
8:44 of 1st period - Backhand shot by Thomas Chabot.
8:44 of 1st period - Shot Blocked by Brendan Woods.
9:27 of 1st period - Snap shot by Vladislav Namestnikov.
9:27 of 1st period - Stopped by Darcy Kuemper with a rebound.
9:56 of 1st period - Joel Edmundson is hit by Vladislav Namestnikov and loses puck.
10:18 of 1st period - Icing by Joel Edmundson.
10:19 of 1st period - Brendan Woods wins face-off versus Jonathan Marchessault in Sewer Rats zone.
10:22 of 1st period - Slapshot by Sonny Milano.
10:22 of 1st period - Shot Misses the Net.
10:24 of 1st period - Wrist shot by Brendan Woods.
10:24 of 1st period - Shot Blocked by Joseph Blandisi.
10:52 of 1st period - Slapshot by Vincent Trocheck.
10:52 of 1st period - Stopped by Olivier Roy with a rebound.
10:54 of 1st period - Snap shot by Daniel Carr.
10:54 of 1st period - Shot Misses the Net.
11:04 of 1st period - Slapshot by Tye McGinn.
11:04 of 1st period - Stopped by Darcy Kuemper with a rebound.
11:06 of 1st period - Snap shot by Phil Oreskovic.
11:06 of 1st period - Shot Misses the Net.
11:08 of 1st period - Wrist shot by Riley Armstrong.
11:08 of 1st period - Shot Misses the Net.
11:10 of 1st period - Wrist shot by Brandon Pirri.
11:10 of 1st period - Shot Misses the Net.
11:14 of 1st period - Snap shot by Riley Armstrong.
11:14 of 1st period - Shot Misses the Net.
11:16 of 1st period - Slapshot by Phil Oreskovic.
11:16 of 1st period - Stopped by Darcy Kuemper without a rebound.
11:17 of 1st period - Vincent Trocheck wins face-off versus Brendan Woods in Sewer Rats zone.
11:24 of 1st period - Icing by Marcus Pettersson.
11:25 of 1st period - Brendan Woods wins face-off versus Vincent Trocheck in Royaux zone.
11:30 of 1st period - Wrist shot by Danny Kristo.
11:30 of 1st period - Shot Misses the Net.
11:39 of 1st period - Brendan Woods is hit by Daniel Carr.
11:43 of 1st period - Wrist shot by Daniel Carr.
11:43 of 1st period - Stopped by Olivier Roy with a rebound.
11:45 of 1st period - Wrist shot by Vincent Trocheck.
11:45 of 1st period - Shot Misses the Net.
11:47 of 1st period - Wrist shot by Mark Mancari.
11:47 of 1st period - Stopped by Olivier Roy with a rebound.
11:49 of 1st period - Snap shot by Daniel Carr.
11:49 of 1st period - Deflect By Vincent Trocheck.
11:49 of 1st period - Stopped by Olivier Roy with a rebound.
12:25 of 1st period - Slapshot by Vincent Trocheck.
12:25 of 1st period - Shot Misses the Net.
12:27 of 1st period - Slapshot by John Ramage.
12:27 of 1st period - Deflect By Vincent Trocheck.
12:27 of 1st period - Shot Misses the Net.
12:27 of 1st period - Puck is out of play.
12:28 of 1st period - Drake Caggiula wins face-off versus Riley Armstrong in Royaux zone.
12:39 of 1st period - Snap shot by Brandon Pirri.
12:39 of 1st period - Stopped by Darcy Kuemper without a rebound.
12:40 of 1st period - Dmitrij Jaskin wins face-off versus Riley Armstrong in Sewer Rats zone.
12:49 of 1st period - Snap shot by Anthony Duclair.
12:49 of 1st period - Shot Blocked by Brandon Pirri.
12:55 of 1st period - Wrist shot by Brandon Pirri.
12:55 of 1st period - Shot Misses the Net.
13:07 of 1st period - Snap shot by Tye McGinn.
13:07 of 1st period - Deflect By Ben Hanowski.
13:07 of 1st period - Shot Misses the Net.
13:07 of 1st period - Puck is out of play.
13:08 of 1st period - Jonathan Marchessault wins face-off versus Dylan Larkin in Sewer Rats zone.
13:08 of 1st period - Jonathan Marchessault is hit by Dylan Larkin.
13:20 of 1st period - Wrist shot by Dylan Larkin.
13:20 of 1st period - Shot Misses the Net.
13:22 of 1st period - Wrist shot by Dylan Larkin.
13:22 of 1st period - Deflect By Tye McGinn.
13:22 of 1st period - Shot Misses the Net.
13:22 of 1st period - Puck is out of play.
13:23 of 1st period - Riley Armstrong wins face-off versus Vincent Trocheck in Sewer Rats zone.
13:33 of 1st period - Off-side.
13:34 of 1st period - Vincent Trocheck wins face-off versus Riley Armstrong in neutral zone.
13:37 of 1st period - Slapshot by Vincent Trocheck.
13:37 of 1st period - Stopped by Olivier Roy without a rebound.
13:38 of 1st period - Brandon Pirri wins face-off versus Vincent Trocheck in Royaux zone.
14:04 of 1st period - Phil Oreskovic is hit by Drake Caggiula and loses puck.
14:22 of 1st period - Icing by Tye McGinn.
14:23 of 1st period - Dylan Larkin wins face-off versus Jonathan Marchessault in Royaux zone.
14:23 of 1st period - Dylan Larkin is hit by Connor Carrick.
15:21 of 1st period - Slapshot by Danny Kristo.
15:21 of 1st period - Stopped by Darcy Kuemper with a rebound.
15:31 of 1st period - Garrett Wilson is hit by Nick Cousins and loses puck.
16:43 of 1st period - Wrist shot by Garrett Wilson.
16:43 of 1st period - Stopped by Darcy Kuemper without a rebound.
16:44 of 1st period - Drake Caggiula wins face-off versus Garrett Wilson in Sewer Rats zone.
17:26 of 1st period - Wrist shot by Anthony Duclair.
17:26 of 1st period - Shot Blocked by Jordie Benn.
17:28 of 1st period - Wrist shot by Anthony Duclair.
17:28 of 1st period - Shot Blocked by Garrett Wilson.
17:30 of 1st period - Wrist shot by Anthony Duclair.
17:30 of 1st period - Deflect By Dmitrij Jaskin.
17:30 of 1st period - Stopped by Olivier Roy with a rebound.
17:32 of 1st period - Snap shot by Anthony Duclair.
17:32 of 1st period - Shot Misses the Net.
17:42 of 1st period - Snap shot by Anthony Duclair.
17:42 of 1st period - Stopped by Olivier Roy with a rebound.
17:44 of 1st period - Snap shot by Anthony Duclair.
17:44 of 1st period - Stopped by Olivier Roy with a rebound.
17:46 of 1st period - Wrist shot by Dmitrij Jaskin.
17:46 of 1st period - Shot Blocked by Jordie Benn.
17:48 of 1st period - Snap shot by Anthony Duclair.
17:48 of 1st period - Shot Misses the Net.
17:50 of 1st period - Wrist shot by Dmitrij Jaskin.
17:50 of 1st period - Deflect By Anthony Duclair.
17:50 of 1st period - Stopped by Olivier Roy without a rebound.
17:51 of 1st period - Riley Armstrong wins face-off versus Vincent Trocheck in Royaux zone.
18:02 of 1st period - Wrist shot by Riley Armstrong.
18:02 of 1st period - Goal by Riley Armstrong - Royaux : 2 - Sewer Rats : 2.
18:03 of 1st period - Vincent Trocheck wins face-off versus Riley Armstrong in neutral zone.
18:05 of 1st period - Off-side.
18:06 of 1st period - Vincent Trocheck wins face-off versus Riley Armstrong in neutral zone.
18:45 of 1st period - Snap shot by Joseph Blandisi.
18:45 of 1st period - Stopped by Olivier Roy without a rebound.
18:46 of 1st period - Riley Armstrong wins face-off versus Jared McCann in Royaux zone.
18:58 of 1st period - Wrist shot by Kasperi Kapanen.
18:58 of 1st period - Shot Misses the Net.
19:00 of 1st period - Slapshot by Travis Sanheim.
19:00 of 1st period - Stopped by Darcy Kuemper with a rebound.
19:02 of 1st period - Slapshot by Travis Sanheim.
19:02 of 1st period - Stopped by Darcy Kuemper without a rebound.
19:03 of 1st period - Vincent Trocheck wins face-off versus Dylan Larkin in Sewer Rats zone.
19:55 of 1st period - Slapshot by Sonny Milano.
19:55 of 1st period - Shot Blocked by Ryan Murphy.
19:57 of 1st period - Snap shot by Brendan Woods.
19:57 of 1st period - Stopped by Darcy Kuemper with a rebound.
Goals for this period are 2 for Royaux vs 2 for Sewer Rats.
Shots for this period are 15 for Royaux vs 26 for Sewer Rats.
2nd period
0:01 of 2nd period - Riley Armstrong wins face-off versus Vincent Trocheck in neutral zone.
0:26 of 2nd period - Joel Edmundson is hit by Dylan Larkin and loses puck.
1:05 of 2nd period - Mathieu Joseph is hit by Drake Caggiula and loses puck.
1:10 of 2nd period - Wrist shot by Dmitrij Jaskin.
1:10 of 2nd period - Shot Blocked by Vladislav Namestnikov.
1:27 of 2nd period - Off-side.
1:28 of 2nd period - Jonathan Marchessault wins face-off versus Riley Armstrong in neutral zone.
1:36 of 2nd period - Minor Penalty to Jonathan Marchessault for Slashing.
1:37 of 2nd period - Vincent Trocheck wins face-off versus Dylan Larkin in Sewer Rats zone.
3:14 of 2nd period - Icing by Tye McGinn.
3:15 of 2nd period - Drake Caggiula wins face-off versus Dylan Larkin in Royaux zone.
3:36 of 2nd period - Penalty to Jonathan Marchessault is over, Jonathan Marchessault is back on ice.
4:29 of 2nd period - Icing by Connor Carrick.
4:30 of 2nd period - Joseph Blandisi wins face-off versus Danny Kristo in Sewer Rats zone.
5:02 of 2nd period - Icing by Riley Armstrong.
5:03 of 2nd period - Jonathan Marchessault wins face-off versus Riley Armstrong in Royaux zone.
5:24 of 2nd period - Snap shot by Kasperi Kapanen.
5:24 of 2nd period - Shot Misses the Net.
5:26 of 2nd period - Slapshot by Riley Armstrong.
5:26 of 2nd period - Stopped by Darcy Kuemper without a rebound.
5:27 of 2nd period - Vincent Trocheck wins face-off versus Dylan Larkin in Sewer Rats zone.
5:27 of 2nd period - Vincent Trocheck is hit by Ben Hanowski.
5:55 of 2nd period - Snap shot by Sonny Milano.
5:55 of 2nd period - Stopped by Darcy Kuemper without a rebound.
5:56 of 2nd period - Brendan Woods wins face-off versus Drake Caggiula in Sewer Rats zone.
6:42 of 2nd period - Simon Despres is hit by Drake Caggiula and loses puck.
7:03 of 2nd period - Wrist shot by Drake Caggiula.
7:03 of 2nd period - Stopped by Olivier Roy without a rebound.
7:04 of 2nd period - Vincent Trocheck wins face-off versus Dylan Larkin in Royaux zone.
7:57 of 2nd period - Snap shot by Phil Oreskovic.
7:57 of 2nd period - Shot Blocked by Joel Edmundson.
8:03 of 2nd period - Slapshot by Joel Edmundson.
8:03 of 2nd period - Shot Misses the Net.
8:05 of 2nd period - Snap shot by Nick Cousins.
8:05 of 2nd period - Stopped by Olivier Roy without a rebound.
8:06 of 2nd period - Dylan Larkin wins face-off versus Vincent Trocheck in Royaux zone.
8:15 of 2nd period - Snap shot by Vincent Trocheck.
8:15 of 2nd period - Shot Misses the Net.
8:17 of 2nd period - Snap shot by Vincent Trocheck.
8:17 of 2nd period - Shot Misses the Net.
8:19 of 2nd period - Wrist shot by John Ramage.
8:19 of 2nd period - Shot Blocked by Ian McCoshen.
8:21 of 2nd period - Slapshot by Ryan Murphy.
8:21 of 2nd period - Stopped by Olivier Roy without a rebound.
8:22 of 2nd period - Riley Armstrong wins face-off versus Joseph Blandisi in Royaux zone.
9:51 of 2nd period - Erik Condra is hit by Kasperi Kapanen and loses puck.
10:16 of 2nd period - Snap shot by Ben Hanowski.
10:16 of 2nd period - Stopped by Darcy Kuemper with a rebound.
10:28 of 2nd period - Thomas Chabot is hit by Marcus Pettersson and loses puck.
10:33 of 2nd period - Slapshot by Sonny Milano.
10:33 of 2nd period - Shot Misses the Net.
10:53 of 2nd period - Connor Carrick is hit by Mathieu Joseph and loses puck.
11:33 of 2nd period - Icing by Daniel Carr.
11:34 of 2nd period - Riley Armstrong wins face-off versus Vincent Trocheck in Sewer Rats zone.
11:35 of 2nd period - Snap shot by Brandon Pirri.
11:35 of 2nd period - Deflect By Riley Armstrong.
11:35 of 2nd period - Shot Blocked by Mark Mancari.
11:35 of 2nd period - Puck is out of play.
11:36 of 2nd period - Vincent Trocheck wins face-off versus Riley Armstrong in Sewer Rats zone.
11:41 of 2nd period - Jordie Benn is hit by Daniel Carr and loses puck.
12:30 of 2nd period - Backhand shot by Riley Armstrong.
12:30 of 2nd period - Shot Blocked by John Ramage.
12:37 of 2nd period - Minor Penalty to Ryan Murphy for Hooking.
12:38 of 2nd period - Nick Cousins wins face-off versus Dylan Larkin in Sewer Rats zone.
14:32 of 2nd period - Snap shot by Danny Kristo.
14:32 of 2nd period - Shot Blocked by Jarred Tinordi.
14:37 of 2nd period - Penalty to Ryan Murphy is over, Ryan Murphy is back on ice.
15:11 of 2nd period - Snap shot by Sonny Milano.
15:11 of 2nd period - Shot Blocked by Joel Edmundson.
15:13 of 2nd period - Snap shot by Marcus Pettersson.
15:13 of 2nd period - Stopped by Darcy Kuemper with a rebound.
15:27 of 2nd period - Wrist shot by Sonny Milano.
15:27 of 2nd period - Shot Misses the Net.
15:43 of 2nd period - Ryan Murphy is hit by Jordie Benn.
15:49 of 2nd period - Slapshot by Mark Mancari.
15:49 of 2nd period - Stopped by Olivier Roy without a rebound.
15:50 of 2nd period - Riley Armstrong wins face-off versus Jonathan Marchessault in Royaux zone.
16:06 of 2nd period - Icing by Thomas Chabot.
16:07 of 2nd period - Jonathan Marchessault wins face-off versus Dylan Larkin in Sewer Rats zone.
17:34 of 2nd period - Ryan Murphy is hit by Ben Hanowski and loses puck.
17:59 of 2nd period - Minor Penalty to Dylan Larkin for Interference.
18:00 of 2nd period - Riley Armstrong wins face-off versus Vincent Trocheck in Royaux zone.
18:15 of 2nd period - Brendan Woods is hit by Daniel Carr and loses puck.
19:11 of 2nd period - Slapshot by Jordie Benn.
19:11 of 2nd period - Stopped by Darcy Kuemper with a rebound.
19:59 of 2nd period - Penalty to Dylan Larkin is over, Dylan Larkin is back on ice.
Goals for this period are 0 for Royaux vs 0 for Sewer Rats.
Shots for this period are 5 for Royaux vs 4 for Sewer Rats.
3rd period
0:01 of 3rd period - Vincent Trocheck wins face-off versus Riley Armstrong in neutral zone.
0:26 of 3rd period - Joseph Blandisi is hit by Ben Hanowski.
1:16 of 3rd period - Snap shot by Travis Sanheim.
1:16 of 3rd period - Shot Blocked by Thomas Chabot.
1:18 of 3rd period - Wrist shot by Vladislav Namestnikov.
1:18 of 3rd period - Shot Misses the Net.
1:20 of 3rd period - Wrist shot by Simon Despres.
1:20 of 3rd period - Shot Misses the Net.
2:39 of 3rd period - Slapshot by Marcus Pettersson.
2:39 of 3rd period - Goal by Marcus Pettersson - Royaux : 3 - Sewer Rats : 2.
2:40 of 3rd period - Riley Armstrong wins face-off versus Vincent Trocheck in neutral zone.
2:55 of 3rd period - Snap shot by Riley Armstrong.
2:55 of 3rd period - Shot Misses the Net.
3:28 of 3rd period - Danny Kristo is hit by Dmitrij Jaskin and loses puck.
4:58 of 3rd period - Jordie Benn is hit by John Ramage and loses puck.
5:05 of 3rd period - Ryan Murphy is hit by Marcus Pettersson and loses puck.
5:24 of 3rd period - Wrist shot by Zach Aston-Reese.
5:24 of 3rd period - Shot Blocked by Jordie Benn.
5:38 of 3rd period - Slapshot by John Ramage.
5:38 of 3rd period - Shot Blocked by Simon Despres.
5:56 of 3rd period - Snap shot by Erik Condra.
5:56 of 3rd period - Deflect By Vladislav Namestnikov.
5:56 of 3rd period - Shot Misses the Net.
5:56 of 3rd period - Puck is out of play.
5:57 of 3rd period - Vladislav Namestnikov wins face-off versus Jonathan Marchessault in Royaux zone.
6:08 of 3rd period - Wrist shot by Garrett Wilson.
6:08 of 3rd period - Shot Blocked by Thomas Chabot.
6:23 of 3rd period - Minor Penalty to Riley Armstrong for Goalie Interference.
6:24 of 3rd period - Kasperi Kapanen wins face-off versus Vincent Trocheck in Royaux zone.
6:31 of 3rd period - Simon Despres is hit by Thomas Chabot.
6:53 of 3rd period - Icing by Ryan Murphy.
6:54 of 3rd period - Vladislav Namestnikov wins face-off versus Jonathan Marchessault in Sewer Rats zone.
7:33 of 3rd period - Tye McGinn is hit by Joseph Blandisi and loses puck.
8:07 of 3rd period - Wrist shot by Jonathan Marchessault.
8:07 of 3rd period - Deflect By Erik Condra.
8:07 of 3rd period - Stopped by Olivier Roy with a rebound.
8:09 of 3rd period - Snap shot by Ryan Murphy.
8:09 of 3rd period - Shot Blocked by Simon Despres.
8:11 of 3rd period - Slapshot by Ryan Murphy.
8:11 of 3rd period - Deflect By Joseph Blandisi.
8:11 of 3rd period - Shot Misses the Net.
8:11 of 3rd period - Puck is out of play.
8:12 of 3rd period - Vincent Trocheck wins face-off versus Kasperi Kapanen in Royaux zone.
8:23 of 3rd period - Penalty to Riley Armstrong is over, Riley Armstrong is back on ice.
8:47 of 3rd period - Slapshot by Dmitrij Jaskin.
8:47 of 3rd period - Stopped by Olivier Roy without a rebound.
8:48 of 3rd period - Vladislav Namestnikov wins face-off versus Vincent Trocheck in Royaux zone.
8:55 of 3rd period - Slapshot by Daniel Carr.
8:55 of 3rd period - Shot Blocked by Marcus Pettersson.
9:13 of 3rd period - Anthony Duclair is hit by Ben Hanowski and loses puck.
9:20 of 3rd period - Slapshot by Dylan Larkin.
9:20 of 3rd period - Shot Blocked by Drake Caggiula.
9:22 of 3rd period - Slapshot by Travis Sanheim.
9:22 of 3rd period - Shot Blocked by Anthony Duclair.
9:24 of 3rd period - Snap shot by Tye McGinn.
9:24 of 3rd period - Stopped by Darcy Kuemper with a rebound.
9:26 of 3rd period - Wrist shot by Ben Hanowski.
9:26 of 3rd period - Stopped by Darcy Kuemper with a rebound.
9:38 of 3rd period - Simon Despres is hit by Jared McCann and loses puck.
9:59 of 3rd period - Slapshot by Daniel Carr.
9:59 of 3rd period - Shot Misses the Net.
10:05 of 3rd period - Vincent Trocheck is hit by Danny Kristo and loses puck.
10:20 of 3rd period - Slapshot by Ben Hanowski.
10:20 of 3rd period - Shot Misses the Net.
10:22 of 3rd period - Snap shot by Tye McGinn.
10:22 of 3rd period - Deflect By Ben Hanowski.
10:22 of 3rd period - Shot Blocked by Daniel Carr.
10:22 of 3rd period - Puck is out of play.
10:23 of 3rd period - Dylan Larkin wins face-off versus Jonathan Marchessault in Sewer Rats zone.
10:51 of 3rd period - Slapshot by Erik Condra.
10:51 of 3rd period - Stopped by Olivier Roy with a rebound.
11:14 of 3rd period - Jordie Benn is hit by Erik Condra and loses puck.
11:31 of 3rd period - Backhand shot by Jordie Benn.
11:31 of 3rd period - Deflect By Ben Hanowski.
11:31 of 3rd period - Goal by Ben Hanowski - Royaux : 4 - Sewer Rats : 2.
11:32 of 3rd period - Riley Armstrong wins face-off versus Vincent Trocheck in neutral zone.
11:59 of 3rd period - Minor Penalty to Danny Kristo for Hooking.
12:00 of 3rd period - Riley Armstrong wins face-off versus Vincent Trocheck in Royaux zone.
12:11 of 3rd period - Wrist shot by Riley Armstrong.
12:11 of 3rd period - Stopped by Darcy Kuemper with a rebound.
13:01 of 3rd period - Icing by Mark Mancari.
13:02 of 3rd period - Vincent Trocheck wins face-off versus Kasperi Kapanen in Sewer Rats zone.
13:09 of 3rd period - Simon Despres is hit by John Ramage and loses puck.
13:54 of 3rd period - Joel Edmundson is hit by Ben Hanowski and loses puck.
13:59 of 3rd period - Penalty to Danny Kristo is over, Danny Kristo is back on ice.
13:59 of 3rd period - Wrist shot by Tye McGinn.
13:59 of 3rd period - Shot Blocked by Joel Edmundson.
14:23 of 3rd period - Wrist shot by Ben Hanowski.
14:23 of 3rd period - Stopped by Darcy Kuemper with a rebound.
14:25 of 3rd period - Slapshot by Ian McCoshen.
14:25 of 3rd period - Stopped by Darcy Kuemper without a rebound.
14:26 of 3rd period - Vladislav Namestnikov wins face-off versus Vincent Trocheck in Sewer Rats zone.
15:31 of 3rd period - Wrist shot by Sonny Milano.
15:31 of 3rd period - Stopped by Darcy Kuemper without a rebound.
15:32 of 3rd period - Brendan Woods wins face-off versus Vincent Trocheck in Sewer Rats zone.
15:59 of 3rd period - Slapshot by Mark Mancari.
15:59 of 3rd period - Shot Blocked by Phil Oreskovic.
16:07 of 3rd period - Wrist shot by Riley Armstrong.
16:07 of 3rd period - Stopped by Darcy Kuemper with a rebound.
17:44 of 3rd period - Phil Oreskovic is hit by Dmitrij Jaskin and loses puck.
17:59 of 3rd period - Ian McCoshen is hit by Connor Carrick and loses puck.
18:10 of 3rd period - Ian McCoshen is hit by Connor Carrick and loses puck.
18:22 of 3rd period - Off-side.
18:23 of 3rd period - Brendan Woods wins face-off versus Jared McCann in neutral zone.
18:48 of 3rd period - Kasperi Kapanen is hit by Dmitrij Jaskin and loses puck.
19:09 of 3rd period - Mark Mancari is hit by Phil Oreskovic and loses puck.
Goals for this period are 2 for Royaux vs 0 for Sewer Rats.
Shots for this period are 9 for Royaux vs 3 for Sewer Rats.